 Dungeon Crawl Stone Soup version 0.26-a0-651-gb41185065b (webtiles) character file.

Game seed: 13617901002093170848

20976 Demosthentine the Whirler (level 13, 0/92 HPs)
             Began as a Halfling Hunter on Sept 30, 2020.
             Was a Priest of Ru.
             Slain by a rakshasa (illusionary)
             ... wielding a +0 trident of freezing
              (3 damage)
             ... on level 13 of the Dungeon.
             The game lasted 00:31:30 (18145 turns).

Demosthentine the Whirler (Halfling Hunter)        Turns: 18145, Time: 00:31:31

Health: 0/92       AC:  7    Str: 13    XL:     13   Next: 16%
Magic:  0/13       EV: 24    Int:  9    God:    Ru [***...]
Gold:   820        SH:  7    Dex: 20    Spells: 12/12 levels left

rFire    . . .     SeeInvis +   a - +2 hunting sling
rCold    . . .     Faith    .   i - +0 buckler
rNeg     . . .     Spirit   +   O - +0 troll leather armour
rPois    .         Reflect  .   k - +1 helmet
rElec    .         Harm     .   (no cloak)
rCorr    .         Rampage  .   (no gloves)
MR       .....                  (no boots)
Stlth    ..........             x - amulet of guardian spirit
HPRegen  0.65/turn              H - ring of see invisible
MPRegen  0.13/turn              G - +4 ring of protection

@: no status effects
A: small, mutation resistance 1, no stealth, hated by all, reduced AC 1
a: Draw Out Power, Renounce Religion


You were on level 13 of the Dungeon.
You worshipped Ru.
Ru was most pleased with you.
You visited 2 branches of the dungeon, and saw 14 of its levels.
You also visited: Sewer.

You collected 940 gold pieces.
You spent 120 gold pieces at shops.

Inventory:

Hand Weapons
 a - a +2 hunting sling (weapon)
Missiles
 b - 2 atropa-tipped darts
 d - 37 sling bullets (quivered)
 h - 6 curare-tipped darts
 n - 29 poisoned darts
 A - 3 throwing nets
 C - 192 stones
 J - 7 boomerangs
Armour
 i - a +0 buckler (worn)
 k - a +1 helmet (worn)
 F - +0 swamp dragon scales
 O - a +0 troll leather armour (worn)
Jewellery
 w - a +6 ring of strength
 x - an amulet of guardian spirit (around neck)
 G - a +4 ring of protection (right hand)
 H - a ring of see invisible (left hand)
 P - an uncursed ring of protection from cold
Wands
 e - a wand of iceblast (5)
 m - a wand of flame (11)
 o - a wand of acid (8)
 r - a wand of digging (12)
 y - a wand of random effects (19)
 E - a wand of paralysis (8)
 N - a wand of polymorph (11)
 Q - a wand of disintegration (8)
Scrolls
 c - a scroll of fear
 j - 4 scrolls of amnesia
 u - 4 scrolls of fog
 z - 4 scrolls of teleportation
 B - 3 scrolls of identify
 I - 2 scrolls of enchant armour
 L - 2 scrolls of remove curse
 R - a scroll of holy word
 S - a scroll of magic mapping
Potions
 f - 5 potions of mutation
 g - 2 potions of brilliance
 l - 3 potions of might
 p - 3 potions of curing
 q - 2 potions of cancellation
 s - a potion of invisibility
 t - 5 potions of flight
 v - 5 potions of lignification
 D - 2 potions of ambrosia
 K - a potion of stabbing
 M - a potion of resistance


   Skills:
 + Level 9.8 Fighting
 + Level 15.1 Slings
 + Level 11.3 Armour
 + Level 11.5 Dodging
 - Level 5.6 Shields


You had 12 spell levels left.
You didn't know any spells.
Your spell library contained the following spells:

 Spells                   Type           Power        Failure   Level
 Sting                    Tmut/Pois      #...         43%         1
 Corpse Rot               Necr/Air       N/A          58%         2
 Poisonous Vapours        Pois/Air       #.....       58%         2
 Sublimation of Blood     Necr           #.........   58%         2
 Ignite Poison            Fire/Tmut/Pois #.......     82%         3
 Mephitic Cloud           Conj/Pois/Air  #.......     82%         3
 Dispel Undead            Necr           #.......     99%         4
 Olgreb's Toxic Radiance  Pois           #.......     99%         4
 Agony                    Necr           #.......     100%        5
 Excruciating Wounds      Necr           #.........   100%        5


Dungeon Overview and Level Annotations

Branches:
Dungeon (13/15)            Temple (1/1) D:5            Lair (0/6) D:8
    Orc (0/2) D:11          Sewer (visited)
 Vaults: D:13-14

Altars:
Ashenzari
Cheibriados
Dithmenos
Elyvilon
Fedhas
Gozag
Hepliaklqana
Kikubaaqudgha
Makhleb
Nemelex Xobeh
Okawaru
Qazlal
Ru
Sif Muna
Trog
Uskayaw
Vehumet
Wu Jian
Xom
Yredelemnul
Zin
The Shining One

Shops:
D:6 !

Annotations:
D:12 2 transporters, droidtality's ghost, journeyman DDFi


Innate Abilities, Weirdness & Mutations

You are small and have problems with some larger weapons.
You are somewhat resistant to further mutation.
You cannot be stealthy.
You are hated by all.
You take slightly more damage. (AC -5)


Message History

Press: ? - help, Shift-Dir - straight line, f - rakshasa
Aim: a rakshasa, wielding a +0 trident of freezing and wearing a +1 robe of magic resistance (severely wounded)
You shoot a sling bullet. The sling bullet hits the rakshasa.
The rakshasa is severely wounded.
You block the rakshasa's attack.
The rakshasa hits you from afar with a +0 trident of freezing!
* * * LOW HITPOINT WARNING * * *
The rakshasa freezes you.
* * * LOW HITPOINT WARNING * * *
The rakshasa begins to attack, but is stunned by your will!
Firing (i - inventory. (/) - cycle)
d - 38 sling bullets (quivered)
Press: ? - help, Shift-Dir - straight line, f/p - rakshasa
Aim: a rakshasa, wielding a +0 trident of freezing and wearing a +1 robe of magic resistance (severely wounded)
You shoot a sling bullet. The sling bullet misses the rakshasa.
Unknown command.
Okay, then.
The rakshasa hits you from afar with a +0 trident of freezing.
* * * LOW HITPOINT WARNING * * *
The rakshasa freezes you.
You die...

#################################
.....#..........@................
.....#.........(R................
.....#........RR...............<.
.....#.......(...................
.....#.......(...................
.....#...........................
.....#....(.....(................
....####'########################
....#..)....#


You could see 3 rakshasas.

Vanquished Creatures
  Snorg (D:13)
  A hydra (D:11)
  Harold (D:8)
  A two-headed ogre (D:9)
  3 skeletal warriors
  2 unseen horrors
  Pikel (D:5)
  A harpy (shapeshifter) (D:13)
  An ugly thing (D:13)
  2 gargoyles (D:11)
  Maggie (D:8)
  A komodo dragon (D:11)
  4 trolls
  A hornet (D:9)
  2 hippogriffs
  18 yaks
  A tarantella (shapeshifter) (D:13)
  A wraith (D:11)
  2 wyverns
  A fire elemental (D:12)
  Grum (D:8)
  4 hell hounds
  A water moccasin (D:7)
  4 sky beasts
  2 ice beasts
  6 orc warriors
  3 black bears
  2 phantoms
  8 ogres
  2 wolves (D:8)
  5 centaurs
  4 lemures
  3 crocodiles
  10 bullfrogs
  A big kobold (D:9)
  A gnoll sergeant (D:12)
  A wyvern zombie (D:11)
  5 scorpions
  2 jellies
  4 wights (D:6)
  An electric eel (D:11)
  3 howler monkeys
  2 centaur zombies
  2 quasits
  2 bullfrog skeletons
  2 bullfrog zombies
  8 hounds
  7 orc priests
  17 orc wizards
  2 centaur skeletons
  Jessica (D:3)
  8 iguanas
  6 worker ants
  A worker ant zombie (D:7)
  A howler monkey zombie (D:5)
  11 gnolls
  A howler monkey skeleton (D:11)
  20 adders
  A river rat (D:3)
  2 shadow imps
  A white imp (D:7)
  4 ufetubi
  4 oozes (Sewer)
  2 adder skeletons (D:9)
  7 worms
  A dart slug (D:1)
  7 leopard geckos
  77 orcs
  9 giant cockroaches
  8 goblins
  5 hobgoblins
  11 jackals
  3 quokkas
  6 ball pythons
  14 bats
  7 frilled lizards
  2 gnoll zombies (D:9)
  16 kobolds
  A quokka zombie (D:6)
  3 rats
401 creatures vanquished.

Vanquished Creatures (others)
  A two-headed ogre (D:10)
  A yak (D:12)
  An orc warrior (D:11)
  An ogre (D:4)
  A worker ant (D:4)
  A white imp (D:8)
  A leopard gecko (D:4)
  An orc (D:4)
  4 fungi (D:11)
  3 plants (D:8)
15 creatures vanquished.

Grand Total: 416 creatures vanquished

Notes
Turn   | Place    | Note
-------+----------+-------------------------------------------
     0 | D:1      | Demosthentine the Halfling Hunter began the quest for the
                  | Orb.
     0 | D:1      | Reached XP level 1. HP: 14/14 MP: 1/1
    96 | D:1      | Reached XP level 2. HP: 19/19 MP: 2/2
    98 | D:1      | Reached skill level 6 in Slings
   240 | D:1      | Reached skill level 1 in Armour
   404 | D:1      | Reached XP level 3. HP: 24/24 MP: 3/3
   921 | D:2      | Found a blossoming altar of Fedhas.
  1023 | D:2      | Reached XP level 4. HP: 29/29 MP: 4/4
  1082 | D:2      | Reached skill level 1 in Shields
  1253 | D:2      | Found an opulent altar of Gozag.
  1494 | D:2      | Found an ancient bone altar of Kikubaaqudgha.
  1712 | D:2      | Reached skill level 5 in Fighting
  1712 | D:2      | Reached skill level 9 in Slings
  1712 | D:2      | Reached skill level 5 in Armour
  1712 | D:2      | Reached skill level 5 in Shields
  1712 | D:2      | Reached XP level 5. HP: 39/39 MP: 5/5
  1886 | D:3      | Reached XP level 6. HP: 45/45 MP: 6/6
  2054 | D:3      | Noticed Jessica
  2083 | D:3      | Killed Jessica
  2192 | D:3      | Found a glowing drain.
  2196 | Sewer    | Entered a sewer
  2966 | D:3      | Reached XP level 7. HP: 42/50 MP: 7/7
  3022 | D:3      | Found an iron altar of Okawaru.
  3068 | D:3      | Found a white marble altar of Elyvilon.
  3243 | D:3      | Reached skill level 10 in Slings
  3366 | D:3      | Found a snail-covered altar of Cheibriados.
  3421 | D:3      | Found a hazy altar of Hepliaklqana.
  3494 | D:4      | Found a shimmering altar of Xom.
  3902 | D:4      | Reached XP level 8. HP: 50/57 MP: 8/8
  4247 | D:4      | Found a radiant altar of Vehumet.
  4427 | D:5      | Entered Level 5 of the Dungeon
  4533 | D:5      | Found a staircase to the Ecumenical Temple.
  4585 | Temple   | Entered the Ecumenical Temple
  4814 | Temple   | Became a worshipper of Ru the Awakened
  5235 | D:5      | Noticed Pikel
  6084 | D:5      | Found an ornate altar of the Wu Jian Council.
  6199 | D:5      | Killed Pikel
  6199 | D:5      | Reached XP level 9. HP: 22/62 MP: 9/9
  7097 | D:6      | Reached skill level 11 in Slings
  7525 | D:6      | Found a bloodstained altar of Trog.
  7916 | D:6      | Found Tizijib's Distillery.
  7981 | D:6      | Bought a potion of haste for 120 gold pieces
  8078 | D:6      | Reached XP level 10. HP: 68/69 MP: 10/10
  8296 | D:6      | Found a glowing golden altar of the Shining One.
  9590 | D:8      | Noticed Harold
  9616 | D:8      | Killed Harold
  9705 | D:8      | Reached skill level 12 in Slings
  9822 | D:8      | Found a staircase to the Lair.
  9859 | D:8      | Noticed Maggie
  9898 | D:8      | Killed Maggie
 10179 | D:8      | Noticed Grum
 10226 | D:8      | Killed Grum
 10664 | D:8      | Found a hide-covered altar of Uskayaw.
 10676 | D:8      | Gained mutation: You are hated by all. [Ru sacrifice]
 10676 | D:8      | Reached * piety under Ru
 10701 | D:8      | Reached XP level 11. HP: 75/75 MP: 11/11
 11178 | D:9      | Noticed a two-headed ogre
 11192 | D:9      | Killed a two-headed ogre
 11642 | D:9      | Found a stormy altar of Qazlal.
 11945 | D:9      | Found a basalt altar of Yredelemnul.
 12050 | D:9      | Paralysed by a hornet for 1 turns
 12289 | D:10     | Entered Level 10 of the Dungeon
 12303 | D:10     | Reached skill level 13 in Slings
 12875 | D:10     | Gained mutation: You cannot be stealthy. [Ru sacrifice]
 12875 | D:10     | Reached ** piety under Ru
 13297 | D:10     | Reached skill level 10 in Dodging
 13709 | D:10     | Noticed a two-headed ogre
 13728 | D:10     | Killed a two-headed ogre
 14013 | D:11     | Reached XP level 12. HP: 84/84 MP: 12/12
 14027 | D:11     | Reached skill level 10 in Armour
 14161 | D:11     | Killed an unseen horror
 14665 | D:11     | Found a staircase to the Orcish Mines.
 14710 | D:11     | Noticed a seven-headed hydra
 14728 | D:11     | Killed a seven-headed hydra
 14728 | D:11     | Reached skill level 14 in Slings
 15312 | D:12     | Found a transporter.
 15315 | D:12     | Found a transporter.
 15317 | D:12     | Noticed droidtality's ghost (journeyman DDFi)
 15336 | D:12     | Gained mutation: You take slightly more damage. (AC -5) [Ru
                  | sacrifice]
 15336 | D:12     | Reached *** piety under Ru
 15427 | D:12     | Noticed a skeletal warrior
 15477 | D:12     | Noticed a skeletal warrior
 15479 | D:12     | Noticed a skeletal warrior
 15560 | D:11     | Killed a skeletal warrior
 15778 | D:12     | Noticed an unseen horror
 15804 | D:12     | Killed an unseen horror
 16461 | D:12     | Killed a skeletal warrior
 16712 | D:12     | Killed a skeletal warrior
 17698 | D:12     | Reached XP level 13. HP: 88/90 MP: 13/13
 17967 | D:13     | Noticed a rakshasa
 17969 | D:13     | Noticed Snorg
 17980 | D:13     | Reached skill level 15 in Slings
 18010 | D:13     | Killed Snorg
 18145 | D:13     | HP: 3/92 [rakshasa (illusionary)/+0 trident of freezing
                  | (4)]
 18145 | D:13     | Slain by a rakshasa (illusionary)

Illustrated notes

Levels and vault maps discovered:
D:1:      dpeg_arrival_line_fractal, layout_loops_ring
D:2:      kb_forest_paths, layout_loops_corners, fedhas_ov_isle_minmay,
          kiku_gazebo_garden_becter, minmay_misc_feat_encased,
          nicolae_gozag_seed_capital
D:3:      layout_basic, lemuel_coloured_pillars_altar, marbit_many_paths,
          nicolae_overflow_hidden_temple, okawaru_metal_pillars_1_2,
          gup_sewer_entry_spiral, uniq_jessica
D:4:      layout_cave_pools, xom_confusion_cloud, kennysheep_mini_moat,
          serial_bayou, serial_bayou_shore_a, serial_bayou_pond_a,
          serial_bayou_ford_a, serial_bayou_pond_c, corexii_checkpoint_b
D:5:      layout_cave_pods, lemuel_doored_altar,
          minmay_temple_entry_purple_smoke, saegor_snake_ambush, uniq_pikel
D:6:      layout_loops_ring, tso_oasis_becter, serial_shops,
          nicolae_shop_window_shopping, trog_ov_bears_minmay
D:7:      layout_gridville
D:8:      layout_gridville, nicolae_overflow_crystal_walls, dpeg_oklobed_lair,
          minmay_between, uniq_maggie, uniq_grum, uniq_harold
D:9:      layout_small_grid, lemuel_zombie_altar_yredelemnul,
          nicolae_qazlal_eye_of_the_storm
D:10:     layout_cross
D:11:     layout_long_grid, hiddenorc1_lemuel, water_boxes_lemuel
D:12:     layout_basic, gammafunk_ghost_hive
D:13:     minmay_triangles_in_corner, layout_grid_maze,
          grunt_vaults_entry_tiered, uniq_snorg, uniq_azrael
Temple:   jpeg_temple_island

Skill      XL: |  1  2  3  4  5  6  7  8  9 10 11 12 13 |
---------------+----------------------------------------+-----
Fighting       | 2 5 6 7 8 9 |  9.8
Slings         | 6 9 10 11 12 13 14 15 | 15.1
Armour         | 1 5 6 7 8 9 11 | 11.3
Shields        | 5 |  5.6
Dodging        | 6 7 8 9 10 11 | 11.5
Stealth        | 0 |  0.0

Action                   |  1- 3 |  4- 6 |  7- 9 | 10-12 | 13-15 || total
-------------------------+-------+-------+-------+-------+-------++-------
Melee: Hunting sling     |       |       |     1 |       |       ||     1
 Fire: Hunting sling     |    76 |   240 |   689 |  1753 |   143 ||  2901
Throw: Dart              |       |       |     2 |       |       ||     2
Invok: Sacrifice Love    |       |       |       |     1 |       ||     1
       Sacrifice Stealth |       |       |       |     1 |       ||     1
       Sacrifice Health  |       |       |       |     1 |       ||     1
  Use: Scroll            |     4 |     4 |    11 |    11 |       ||    30
       Potion            |       |     1 |     3 |     5 |     1 ||    10
Armor: Leather armour    |     3 |    10 |    41 |    34 |       ||    88
       Troll leather arm |       |       |       |    30 |    12 ||    42
Dodge: Dodged            |    19 |    47 |   212 |   437 |   114 ||   829
Block: Buckler           |       |    24 |    99 |   156 |    34 ||   313

Table legend: (Time is in decaauts)
 A = Elapsed time spent in this place.
 B = Non-inter-level travel time spent in this place.
 C = Inter-level travel time spent in this place.
 D = Time resting spent in this place.
 E = Time spent auto-exploring this place.
 F = Levels seen in this place.
 G = Mean time per level.
                   A        B        C        D        E       F      G
               +--------+--------+--------+--------+--------+-----+--------+
         Total |  17377 |  16944 |    433 |   1345 |  11700 |  15 | 1158.5 |
       Dungeon |  16329 |  15952 |    377 |   1345 |  10894 |  13 | 1256.1 |
        Temple |    302 |    246 |     56 |      0 |    238 |   1 |  302.0 |
         Sewer |    745 |    745 |      0 |      0 |    567 |   1 |  745.0 |
               +--------+--------+--------+--------+--------+-----+--------+

Top non-repeatable levels by time:
     D:5: 1951 daAuts
    D:11: 1646 daAuts
    D:12: 1564 daAuts
     D:8: 1410 daAuts
    D:10: 1355 daAuts
     D:4: 1310 daAuts
     D:6: 1265 daAuts
     D:9: 1192 daAuts
     D:7: 1157 daAuts
     D:2: 1090 daAuts
     D:3: 1088 daAuts
   Sewer: 745 daAuts
     D:1: 672 daAuts
    D:13: 626 daAuts
  Temple: 302 daAuts
